 Dungeon Crawl Stone Soup version 0.21.1-1-g345015fe64 (webtiles) character file.

64847 Gargoyl the Cleaver (level 14, -16/122 HPs)
             Began as a Centaur Abyssal Knight on May 7, 2018.
             Was an Elder of Lugonu.
             Killed from afar by a molten gargoyle (22 damage)
             ... with a bolt of magma
             ... on level 6 of the Lair of Beasts.
             The game lasted 00:41:42 (22703 turns).

Gargoyl the Cleaver (Centaur Abyssal Knight)       Turns: 22703, Time: 00:41:43

Health: -16/122    AC: 30    Str: 18    XL:     14   Next: 73%
Magic:  21/21      EV:  7    Int: 11    God:    Lugonu [****..]
Gold:   1198       SH:  0    Dex: 16    Spells: 13/13 levels left

rFire    + . .     SeeInvis .   a - +4 hand axe
rCold    + . .     Gourm    .   (no shield)
rNeg     . . .     Faith    .   e - +8 plate armour of Greed {rF+}
rPois    .         Spirit   .   y - +2 hat
rElec    .         Reflect  .   u - +2 cloak
rCorr    .         Harm     .   f - +2 pair of gloves
MR       +....                  (no barding)
Stlth    ..........             m - amulet of regeneration
HPRegen  0.70/turn              M - +3 ring of dexterity
MPRegen  0.17/turn              w - ring of protection from cold

@: lethally poisoned (-16 -> -24), very quick
A: large, claws 1, hooves 3, repulsion field 1, agile 1, deformed body, speed 2,
tough skin 3
a: Depart the Abyss, Bend Space, Banish, Corrupt, Renounce Religion


You were on level 6 of the Lair of Beasts.
You worshipped Lugonu.
Lugonu was greatly pleased with you.
You were not hungry.

You visited 2 branches of the dungeon, and saw 15 of its levels.
You visited the Abyss 1 time.

You collected 1198 gold pieces.

Inventory:

Hand Weapons
 a - a +4 hand axe (weapon)
 D - the +8 longbow "Zephyr" {speed, Dex+3 SInv}
   (You found it on level 2 of the Lair of Beasts)

   Attacks with this weapon are significantly faster.
   It affects your dexterity (+3).
   It lets you see invisible.
Missiles
 E - 73 arrows
 F - 3 tomahawks (quivered)
Armour
 e - the +8 plate armour of Greed (worn) {rF+}
   (You found it on level 2 of the Abyss)

   It protects you from fire.
 f - a +2 pair of gloves (worn)
 u - a +2 cloak (worn)
 y - a +2 hat (worn)
Jewellery
 b - an uncursed ring of resist corrosion
 m - an amulet of regeneration (around neck)
 w - a ring of protection from cold (right hand)
 M - a +3 ring of dexterity (left hand)
Wands
 d - a wand of acid (7)
 i - a wand of polymorph (12)
 k - a wand of flame (82)
 t - a wand of enslavement (19)
 v - a wand of disintegration (33)
 x - a wand of iceblast (10)
 K - a wand of paralysis (11)
 L - a wand of random effects (29)
Scrolls
 j - 9 scrolls of teleportation
 l - 2 scrolls of amnesia
 n - 2 scrolls of enchant armour
 o - 8 scrolls of identify
 p - 7 scrolls of remove curse
 z - a scroll of summoning
 A - a scroll of fear
 H - 5 scrolls of fog
Potions
 h - 4 potions of curing
 q - 3 potions of brilliance
 r - a potion of berserk rage
 s - 2 potions of flight
 B - a potion of heal wounds
 C - a potion of lignification
Books
 g - a book of Frost

   Spells                             Type                      Level
   a - Freeze                         Ice                          1
   b - Throw Frost                    Conjuration/Ice              2
   c - Ozocubu's Armour               Charms/Ice                   3
   d - Throw Icicle                   Conjuration/Ice              4
   e - Summon Ice Beast               Ice/Summoning                4
 G - a book of Changes

   Spells                             Type                      Level
   a - Beastly Appendage              Transmutation                1
   b - Sticks to Snakes               Transmutation                2
   c - Spider Form                    Transmutation/Poison         3
   d - Ice Form                       Ice/Transmutation            4
   e - Blade Hands                    Transmutation                5
 I - a Fen Folio

   Spells                             Type                      Level
   a - Corpse Rot                     Necromancy                   2
   b - Stone Arrow                    Conjuration/Earth            3
   c - Leda's Liquefaction            Hexes/Earth                  4
   d - Summon Forest                  Summoning/Translocation      5
   e - Hydra Form                     Transmutation                6
   f - Summon Hydra                   Summoning                    7
 J - a book of Cantrips

   Spells                             Type                      Level
   a - Confusing Touch                Hexes                        1
   b - Animate Skeleton               Necromancy                   1
   c - Summon Small Mammal            Summoning                    1
   d - Apportation                    Translocation                1
Comestibles
 c - 20 rations


   Skills:
 + Level 10.5 Fighting
 + Level 12.7 Axes
 + Level 5.1 Bows
 + Level 3.1 Throwing
 * Level 11.7 Armour
 + Level 2.7 Dodging
 - Level 0.7 Stealth
 * Level 10.5 Invocations
 + Level 1.6 Evocations


You had 13 spell levels left.
You didn't know any spells.

Dungeon Overview and Level Annotations

Branches:
Dungeon (9/15)             Temple (0/1) D:4            Lair (6/6) D:9
 Shoals (0/4) Lair:3       Spider (0/4) Lair:4        Slime (0/5) Lair:6
    Orc: D:9-12

Altars:
Fedhas
Makhleb
Trog
Xom
The Shining One

Annotations:
D:6 exclusion: oklob plant
Lair:6 1 runed door


Innate Abilities, Weirdness & Mutations

You have hooves in place of feet.
Armour fits poorly on your strangely shaped body.
You cover ground very quickly.
You have extremely tough skin. (AC +3)
You have sharp fingernails.
You are surrounded by a mild repulsion field. (EV +2)
You are agile. (Dex +2)


Message History

You barely miss the molten gargoyle. You kick the molten gargoyle!
The molten gargoyle is almost destroyed.
You hit the black mamba. You hit the komodo dragon.
You feel sick.
The black mamba bites you but does no damage.
The molten gargoyle blasts magma at you!
The bolt of magma hits you! You partially resist.
* * * LOW HITPOINT WARNING * * *
The komodo dragon bites you!!
* * * LOW HITPOINT WARNING * * *
You hit the molten gargoyle but do no damage.
Your kick misses the molten gargoyle.
The molten gargoyle is almost destroyed.
Your plate armour of Greed prevents you from hitting the black mamba.
You hit the komodo dragon.
* * * LOW HITPOINT WARNING * * *
You feel sick.
The black mamba bites you but does no damage.
The molten gargoyle blasts magma at you!
The bolt of magma hits you! You partially resist.
You die...

§######≈##.........§≈#
§≈≈≈§≈≈§§≈##........≈§# .
≈≈≈≈#≈§§≈§#.....#.≈≈##
..##...##§§..#..#8#.≈≈#
........#.§§§##8###≈≈### ##
..........≈§≈§### ≈≈8# # .##
........##§§§§# ≈≈##### ..###
......l.####≈≈≈# §§ #. ....##
......S@8# #≈≈≈≈≈§# ##. .....#
...####9## ≈§≈###≈ #.. PP#..# ..
.#8 ### ≈ ### ###.## . ## ## #
##### #### # ..######### #######
###..########
PP.##.....###.##..###.#...#.P#...
.P...............................
.................................


You could see a komodo dragon, a black mamba and a molten gargoyle.

Vanquished Creatures
  Gastronok (Lair:1)
  A centaur warrior (D:7)
  2 catoblepae
  7 death yaks
  An oklob plant (Lair:6)
  14 elephants
  3 merfolk sirens (Lair:3)
  5 black mambas
  Maurice (D:8)
  A molten gargoyle (Lair:6)
  Joseph (Lair:1)
  A torpor snail (Lair:5)
  15 spiny frogs
  2 rime drakes
  13 komodo dragons
  A merfolk (Lair:3)
  Prince Ribbit (D:7)
  2 hornets (D:8)
  11 dream sheep
  9 blink frogs
  6 hippogriffs
  5 wyverns
  Sigmund (D:5)
  3 steam dragons
  30 yaks
  7 basilisks
  A hungry ghost (D:9)
  6 water moccasins
  2 soldier ants (D:8)
  Duvessa (D:7)
  3 hell hounds (Lair:6)
  12 porcupines
  An ice beast (D:6)
  A black bear (D:9)
  An orc warrior (D:5)
  7 ogres
  A phantom (D:7)
  14 wolves
  A necrophage (D:7)
  11 crocodiles
  3 centaurs (D:8)
  2 big kobolds
  13 bullfrogs
  2 wyvern zombies
  Dowan (D:7)
  5 howler monkeys
  An electric eel (Lair:5)
  2 crimson imps
  A centaur zombie (D:5)
  4 lava snakes (Lair:6)
  A quasit (D:8)
  An iron imp (Abyss:2)
  A gnoll shaman (D:6)
  2 hounds
  2 centaur skeletons
  An iguana (D:4)
  3 orc wizards
  A bullfrog skeleton (D:6)
  2 orc priests
  Natasha (thrice) (D:3)
  8 worker ants
  4 hell rats (Lair:4)
  Robin (D:3)
  15 gnolls
  9 adders
  A shadow imp (D:9)
  3 oozes
  2 adder skeletons
  2 worms
  2 dart slugs
  4 leopard geckos
  15 orcs
  13 bats
  7 giant cockroaches
  A gnoll zombie (D:4)
  16 goblins
  11 hobgoblins
  4 jackals
  5 quokkas
  8 frilled lizards
  A goblin zombie (D:4)
  22 kobolds
  A leopard gecko skeleton (D:9)
  A quokka skeleton (D:8)
  6 rats
  2 butterflies
  3 fungi
424 creatures vanquished.

Vanquished Creatures (collateral kills)
  An ogre (D:8)
1 creature vanquished.

Vanquished Creatures (others)
  5 hydras
  3 oklob plants (Lair:6)
  The ghost of Mrkan the Skirmisher, a novice MiFi of Ru (D:4)
  3 spiny frogs
  A rime drake (Lair:2)
  A water moccasin (Lair:2)
  A wolf (Lair:6)
  7 fungi
  9 plants
31 creatures vanquished.

Grand Total: 456 creatures vanquished

Notes
Turn   | Place    | Note
-------+----------+-------------------------------------------
     0 | Abyss:1  | Gargoyl the Centaur Abyssal Knight began the quest for the Orb.
     0 | Abyss:1  | Reached XP level 1. HP: 19/19 MP: 2/2
    80 | Abyss:1  | Noticed a rust devil
   115 | Abyss:1  | Found a snail-covered altar of Cheibriados.
   220 | Abyss:2  | Got a pearl-encrusted plate armour
   225 | Abyss:2  | Noticed an iron imp
   231 | Abyss:2  | Identified the +8 plate armour of Greed {rF+} (You found it on level 2 of the Abyss)
   237 | Abyss:2  | Killed an iron imp
   237 | Abyss:2  | Reached skill level 2 in Axes
   237 | Abyss:2  | Reached XP level 2. HP: 10/27 MP: 3/3
   237 | Abyss:2  | Reached XP level 3. HP: 13/33 MP: 4/4
   251 | Abyss:2  | Noticed an ancient zyme
   263 | Abyss:2  | Noticed an ancient zyme
   264 | D:1      | Escaped the Abyss
   510 | D:1      | Reached * piety under Lugonu
  1083 | D:2      | Reached XP level 4. HP: 27/40 MP: 5/5
  1837 | D:2      | Reached XP level 5. HP: 44/47 MP: 6/6
  2079 | D:2      | Reached ** piety under Lugonu
  2546 | D:3      | Found a shimmering altar of Xom.
  2564 | D:3      | Noticed Robin
  2567 | D:3      | Reached skill level 3 in Axes
  2576 | D:3      | Killed Robin
  2897 | D:3      | Noticed Natasha
  2909 | D:3      | Killed Natasha
  3086 | D:3      | Reached skill level 1 in Dodging
  3399 | D:3      | Noticed Natasha
  3410 | D:3      | Killed Natasha
  3508 | D:4      | Reached XP level 6. HP: 53/53 MP: 7/7
  3511 | D:4      | Noticed Mrkan's ghost (novice MiFi)
  3790 | D:3      | Noticed Natasha
  3810 | D:3      | Killed Natasha
  3810 | D:3      | Reached skill level 4 in Axes
  4280 | D:4      | Reached *** piety under Lugonu
  4518 | D:4      | Reached XP level 7. HP: 60/60 MP: 8/8
  4576 | D:4      | Found a staircase to the Ecumenical Temple.
  4819 | D:4      | Reached skill level 5 in Fighting
  4819 | D:4      | Reached skill level 5 in Axes
  4856 | D:4      | Banished Mrkan's ghost
  4856 | D:4      | Reached skill level 1 in Throwing
  5272 | D:4      | Reached XP level 8. HP: 61/68 MP: 9/9
  5824 | D:5      | Entered Level 5 of the Dungeon
  6369 | D:5      | Noticed Sigmund
  6379 | D:5      | Killed Sigmund
  6379 | D:5      | Reached skill level 6 in Axes
  7098 | D:6      | Found a blossoming altar of Fedhas.
  7125 | D:6      | Noticed an oklob plant
  7407 | D:6      | Reached skill level 5 in Armour
  7630 | D:6      | Reached skill level 7 in Axes
  7901 | D:6      | Reached XP level 9. HP: 56/75 MP: 10/10
  8274 | D:7      | Found a bloodstained altar of Trog.
  8277 | D:7      | Found a glowing golden altar of the Shining One.
  8280 | D:7      | Found a blossoming altar of Fedhas.
  8283 | D:7      | Found a burning altar of Makhleb.
  8480 | D:7      | Reached **** piety under Lugonu
  8588 | D:7      | Noticed Prince Ribbit
  8608 | D:7      | Killed Prince Ribbit
  8745 | D:7      | Noticed Dowan
  8746 | D:7      | Noticed Duvessa
  8763 | D:7      | Killed Duvessa
  8765 | D:7      | Killed Dowan
  8765 | D:7      | Reached skill level 8 in Axes
  8879 | D:7      | Noticed a centaur warrior
  8928 | D:7      | Killed a centaur warrior
  9160 | D:8      | Noticed Maurice
  9199 | D:8      | Killed Maurice
  9199 | D:8      | Reached XP level 10. HP: 31/84 MP: 11/11
  9312 | D:8      | Reached skill level 9 in Axes
  9565 | D:8      | Gained mutation: You have a pair of small horns on your head. [potion of mutation]
  9565 | D:8      | Gained mutation: You are partially covered in slimy green scales. (AC +2) [potion of mutation]
  9960 | D:8      | Paralysed by a hornet for 2 turns
  9972 | D:8      | Paralysed by a hornet for 2 turns
  9983 | D:8      | Paralysed by a hornet for 2 turns
 11458 | D:9      | Reached ***** piety under Lugonu
 11537 | D:9      | Found a staircase to the Lair.
 11793 | Lair:1   | Entered Level 1 of the Lair of Beasts
 11803 | Lair:1   | You fall through a shaft!
 11825 | Lair:2   | Reached XP level 11. HP: 87/94 MP: 12/14
 12022 | Lair:2   | Reached skill level 10 in Axes
 12532 | Lair:2   | Found the +8 longbow "Zephyr" {speed, Dex+3 SInv}
 12747 | Lair:1   | Reached skill level 5 in Invocations
 12791 | Lair:2   | Reached skill level 1 in Bows
 12922 | Lair:1   | Noticed a seven-headed hydra
 13240 | Lair:1   | Noticed Gastronok
 13457 | Lair:1   | Killed Gastronok
 13608 | Lair:1   | Reached XP level 12. HP: 60/103 MP: 16/16
 13681 | Lair:1   | Noticed Joseph
 13703 | Lair:1   | Killed Joseph
 13881 | Lair:1   | Banished a seven-headed hydra
 14835 | Lair:2   | Reached skill level 11 in Axes
 15693 | Lair:3   | Found a staircase to the Shoals.
 16392 | Lair:4   | Reached skill level 10 in Armour
 16502 | Lair:4   | Lost mutation: You have a pair of small horns on your head. [potion of mutation]
 16502 | Lair:4   | Lost mutation: You are partially covered in slimy green scales. (AC +2) [potion of mutation]
 16502 | Lair:4   | Gained mutation: You are agile. (Dex +2) [potion of mutation]
 16502 | Lair:4   | Gained mutation: You have sharp fingernails. [potion of mutation]
 16502 | Lair:4   | Gained mutation: You are surrounded by a mild repulsion field. (EV +2) [potion of mutation]
 16882 | Lair:4   | Reached skill level 1 in Evocations
 16882 | Lair:4   | Reached XP level 13. HP: 111/111 MP: 17/19
 16980 | Lair:4   | Found a hole to the Spider Nest.
 18198 | Lair:5   | Reached skill level 12 in Axes
 18823 | Lair:5   | Reached XP level 14. HP: 74/119 MP: 20/20
 18833 | Lair:5   | Reached skill level 10 in Fighting
 20264 | Lair:6   | Entered Level 6 of the Lair of Beasts
 20647 | Lair:6   | Reached skill level 5 in Bows
 21413 | Lair:6   | Found a staircase to the Slime Pits.
 21879 | Lair:6   | Reached skill level 10 in Invocations
 22524 | Lair:6   | Found a large runed door.
 22703 | Lair:6   | HP: 6/122 [poisoned by a black mamba]
 22703 | Lair:6   | Killed from afar by a molten gargoyle

Skill      XL: |  1  2  3  4  5  6  7  8  9 10 11 12 13 14 |
---------------+-------------------------------------------+-----
Axes           | 2 3 4 5 7 8 9 10 11 12 | 12.7
Fighting       | 4 5 6 7 8 9 10 | 10.5
Armour         | 2 3 5 6 7 9 10 11 | 11.7
Dodging        | 1 2 |  2.7
Throwing       | 1 2 3 |  3.1
Invocations    | 4 6 8 10 | 10.5
Bows           | 2 4 5 |  5.1
Evocations     | 1 |  1.6
Stealth        | |  0.7

Action                   |  1- 3 |  4- 6 |  7- 9 | 10-12 | 13-15 || total
-------------------------+-------+-------+-------+-------+-------++-------
Melee: Hand axe          |    66 |   301 |   478 |   850 |   935 ||  2630
       Kick              |     9 |    47 |   119 |   270 |   407 ||   852
       Headbutt          |       |       |       |   125 |       ||   125
       Unarmed           |       |       |       |    15 |       ||    15
       Longbow           |       |       |       |     1 |       ||     1
 Fire: Longbow           |       |       |       |    43 |     4 ||    47
Throw: Tomahawk          |       |     2 |     9 |     8 |       ||    19
Invok: Depart the Abyss  |     1 |       |       |       |       ||     1
       Banish            |       |       |     1 |     7 |    15 ||    23
       Bend Space        |       |       |       |     3 |     1 ||     4
  Use: Scroll            |     4 |     8 |     5 |    13 |     1 ||    31
       Potion            |     2 |     2 |     2 |     6 |     1 ||    13
 Stab: Petrified         |       |       |       |       |    27 ||    27
       Petrifying        |       |       |       |       |     1 ||     1
  Eat: Chunk             |       |     8 |     4 |     2 |       ||    14
       Ration            |       |     1 |     2 |     8 |     7 ||    18
Armor: Plate armour      |   118 |   360 |   422 |   908 |   718 ||  2526
Dodge: Dodged            |     8 |    49 |    53 |   204 |   278 ||   592
